 Dungeon Crawl Stone Soup version 0.27-a0-1188-g73eefd5def (webtiles) character file.

Game seed: 13009082732070931169

1472 robertstho the Magician (level 9, -9/56 HPs)
             Began as a Djinni Fire Elementalist on May 21, 2021.
             Was an Initiate of Gozag.
             Mangled by a wight
             ... wielding a +0 long sword
              (12 damage)
             ... on level 6 of the Dungeon.
             The game lasted 00:08:08 (6437 turns).

robertstho the Magician (Djinni Fire Elementalist)  Turns: 6437, Time: 00:08:08

Health: -9/56      AC:  3    Str:  7    XL:     9   Next: 6%
Gold:   92         EV: 13    Int: 19    God:    Gozag SH:  0 Dex: 15

rFire    + + .     SeeInvis .   t - +1 rapier (protect)
rCold    x . .     Faith    .   (no shield)
rNeg     . . .     Spirit   .   a - +0 robe
rPois    ∞         Reflect  .   (no helmet)
rElec    .         Harm     .   i - +0 cloak
rCorr    .         Rampage  .   (no gloves)
Will     .....                  (boots unavailable)
Stlth    ++........             (no amulet)
HPRegen  0.18/turn              (no ring)
MPRegen  0.00/turn              (no ring)

@: marked, gold aura, flying
A: sickness immunity, fire resistance 2, cold vulnerability 1, float, innate
caster, hp casting, extra vitality 1
a: Renounce Religion, Potion Petition, Call Merchant, Bribe Branch


You were on level 6 of the Dungeon.
You worshipped Gozag.
Gozag was noncommittal.
You visited 2 branches of the dungeon, and saw 7 of its levels.

You collected 309 gold pieces.
You spent 110 gold pieces at shops.
You paid 107 gold pieces to Gozag.

Inventory:

Hand Weapons
 c - a +0 short sword
 h - a +0 glaive
 t - a +1 rapier of protection (weapon)
Armour
 a - a +0 robe (worn)
 i - a +0 cloak (worn)
 r - a +0 pair of gloves of archery
Jewellery
 f - a ring of fire
 p - a +6 ring of strength
Wands
 e - a wand of flame (44)
 u - a wand of acid (8)
Scrolls
 l - a scroll of fog
 q - a scroll of summoning
 w - 2 scrolls of identify
Potions
 b - 3 potions of curing
 d - 2 potions of haste
 g - a potion of flight {unknown}
 j - 4 potions of mutation {unknown}
 k - a potion of berserk rage {unknown}
 m - 2 potions of might
 n - a potion of degeneration
 o - a potion of brilliance {unknown}
 s - a potion of invisibility
 v - a potion of cancellation {unknown}


   Skills:
 + Level 0.6 Fighting
 + Level 2.7 Dodging
 + Level 3.5 Stealth
 + Level 7.9 Spellcasting


You couldn't memorise any spells.
You knew the following spells:

 Your Spells              Type           Power      Damage    Failure   Level
a - Foxfire               Conj/Fire      100%       2x1d9     1%          1
b - Conjure Flame         Conj/Fire      37%        6-21      1%          3
c - Inner Flame           Hex/Fire       37%        N/A       1%          3
d - Sticky Flame          Conj/Fire      37%        2d6       3%          4
e - Fireball              Conj/Fire      18%        3d9       10%         5
f - Animate Skeleton      Necr           74%        N/A       1%          1
g - Call Imp              Summ           37%        N/A       1%          2
h - Ozocubu's Armour      Ice            37%        N/A       1%          3
i - Confusing Touch       Hex            37%        N/A       1%          3
Your spell library was empty.

Dungeon Overview and Level Annotations

Branches:
Dungeon (6/15)             Temple (1/1) D:6

Altars:
Ashenzari
Dithmenos
Gozag
Hepliaklqana
Kikubaaqudgha
Sif Muna
Trog
Vehumet
Wu Jian
Yredelemnul
Zin
The Shining One

Shops:
D:3 *=!(:


Innate Abilities, Weirdness & Mutations

You are immune to sickness and miasma.
You are immune to poison.
Your flesh is very heat resistant. (rF++)
You are vulnerable to cold. (rC-)
You float through the air rather than walking.
You learn spells naturally, not from books.
Your magical power is your life essence.
You have superior vitality. (+4 HP)


Message History

The foxfire hits the wight but does no damage.
The wight is lightly damaged.
Casting: Foxfire (safe; 1% risk of failure)
Press: ? - help, Q - select action, (/) - cycle Dir - look around, f - activate You conjure some foxfire!
The foxfire hits the wight but does no damage.
The wight is lightly damaged.
The foxfire hits the centaur.
The centaur is lightly wounded.
The centaur unwields a +0 shortbow.
The centaur closely misses you. The centaur barely misses you.
The wight becomes distracted by the nearby gold, dreaming of imaginary riches.
Casting: Foxfire (safe; 1% risk of failure)
Press: ? - help, Q - select action, (/) - cycle Dir - look around, f - activate You conjure some foxfire!
The foxfire hits the wight.
The wight is moderately damaged.
The foxfire hits the wight.
The wight is severely damaged.
The centaur hits you.
The centaur kicks you but does no damage.
The wight hits you with a +0 long sword.
The wight hits you from afar with a +2 spear.
The centaur hits you.
* * * LOW HITPOINT WARNING * * *
The centaur kicks you.
* * * LOW HITPOINT WARNING * * *
You feel better.
The foxfire hits the wight.
The wight is moderately damaged.
The foxfire hits the wight.
The wight is almost destroyed.
The wight hits you with a +0 long sword!
* * * LOW HITPOINT WARNING * * *
The centaur barely misses you. x2; The wight closely misses you.
The centaur wields a +0 shortbow.
The centaur shoots an arrow.
The arrow hits you.
* * * LOW HITPOINT WARNING * * *
The wight hits you with a +0 long sword!
You die...
Your body crumbles into a pile of gold.

###### ##....##
#......# #......# #
#......# ### ##.....#
#.. ####+#.###### #.#
#....@.#....########.#
#...z.§.....(........#
#...c$.......#########
#....z.......#
#............#
##....##.....#
#...z###+#### ......#
$ #### ....... ##...


You could see a centaur and 3 wights.

Vanquished Creatures
  Grinder (D:4)
  Eustachio (D:5)
  2 water moccasins
  An ogre (D:5)
  A necrophage (D:5)
  A phantom (D:4)
  A kobold brigand (D:5)
  A wyvern zombie (D:6)
  A water moccasin zombie (D:5)
  2 wights (D:6)
  3 hounds (D:5)
  2 bullfrog skeletons
  2 iguanas (D:5)
  Ijyb (D:3)
  Terence (D:3)
  Natasha (D:3)
  A hound skeleton (D:4)
  5 adders
  2 ufetubi
  A worm (D:5)
  A dart slug (D:2)
  2 bats
  7 endoplasms
  A giant cockroach (D:3)
  5 goblins
  7 hobgoblins
  8 jackals
  6 kobolds
  3 quokkas
  4 ball pythons
  7 frilled lizards
  A goblin zombie (D:5)
  3 orc skeletons (D:5)
  5 rats
91 creatures vanquished.

Vanquished Creatures (collateral kills)
  An iron imp (D:5)
  A kobold skeleton (D:5)
  An orc zombie (D:5)
3 creatures vanquished.

Vanquished Creatures (others)
  611 foxfires
611 creatures vanquished.

Grand Total: 705 creatures vanquished

Notes
Turn   | Place    | Note
-------+----------+-------------------------------------------
     0 | D:1      | robertstho the Djinni Fire Elementalist began the quest for
                  | the Orb.
     0 | D:1      | Reached XP level 1. HP: 15/15 MP: 0/0
  1015 | D:2      | Reached XP level 2. HP: 19/21 MP: 0/0
  1480 | D:2      | Reached skill level 3 in Spellcasting
  1481 | D:2      | Reached XP level 3. HP: 23/25 MP: 0/0
  1481 | D:2      | Learned a level 1 spell: Animate Skeleton
  2365 | D:3      | Reached XP level 4. HP: 26/31 MP: 0/0
  2548 | D:3      | Found Yqareelo's Distillery.
  2654 | D:3      | Bought a potion of might for 44 gold pieces
  2654 | D:3      | Bought a potion of degeneration for 11 gold pieces
  2654 | D:3      | Bought a potion of heal wounds for 55 gold pieces
  2657 | D:3      | Found Voghent's Jewellery Boutique.
  2728 | D:3      | Found Asapem's Book Shoppe.
  2775 | D:3      | Noticed Ijyb
  2784 | D:3      | Killed Ijyb
  2872 | D:3      | Found Tulux's General Store.
  2906 | D:3      | Noticed Terence
  2913 | D:3      | Killed Terence
  2914 | D:3      | Reached skill level 4 in Spellcasting
  2914 | D:3      | Reached XP level 5. HP: 26/35 MP: 0/0
  2914 | D:3      | Learned a level 2 spell: Call Imp
  3241 | D:3      | Noticed Natasha
  3247 | D:3      | Killed Natasha
  3550 | D:3      | Reached XP level 6. HP: 36/40 MP: 0/0
  3583 | D:3      | Found Uddudaf's Weapon Boutique.
  3816 | D:4      | Noticed Grinder
  3832 | D:4      | Killed Grinder
  3833 | D:4      | Reached skill level 5 in Spellcasting
  3833 | D:4      | Reached XP level 7. HP: 23/45 MP: 0/0
  3833 | D:4      | Learned a level 3 spell: Ozocubu's Armour
  4702 | D:5      | Entered Level 5 of the Dungeon
  4702 | D:5      | Found a bloodstained altar of Trog.
  4702 | D:5      | Found a shadowy altar of Dithmenos.
  4771 | D:5      | Noticed Eustachio
  4783 | D:5      | Killed Eustachio
  4784 | D:5      | Reached skill level 6 in Spellcasting
  4787 | D:5      | Reached XP level 8. HP: 37/50 MP: 0/0
  5032 | D:5      | Reached skill level 7 in Spellcasting
  5229 | D:5      | Found a basalt altar of Yredelemnul.
  5696 | D:5      | Found a glowing golden altar of the Shining One.
  6096 | D:6      | Found a staircase to the Ecumenical Temple.
  6131 | D:6      | Reached XP level 9. HP: 19/56 MP: 0/0
  6131 | D:6      | Learned a level 3 spell: Confusing Touch
  6150 | Temple   | Entered the Ecumenical Temple
  6373 | Temple   | Became a worshipper of Gozag Ym Sagoz the Greedy
  6437 | D:6      | Mangled by a wight

Illustrated notes

Levels and vault maps discovered:
D:1:      elethiomel_arrival_infinity_welcomes_careful_drivers,
          layout_loops_ring
D:2:      layout_loops_ring, minmay_bisected
D:3:      layout_rooms, serial_shops, shop, shop_statue, nicolae_shop_crystal,
          shop, nicolae_shop_waterfront, uniq_natasha, uniq_terence, uniq_ijyb
D:4:      layout_cave_pools, uniq_grinder
D:5:      layout_rooms, nicolae_tso_besieged_by_evil,
          chequers_temple_overflow_statue_of_worship, uniq_eustachio
D:6:      layout_gridville, minmay_temple_entry_antechambers
Temple:   regret_index_temple_waves

Skill      XL: |  1  2  3  4  5  6  7  8 |
---------------+-------------------------+-----
Spellcasting   | 3 4 5 6 7 |  7.9
Stealth        | 2 3 |  3.5
Fighting       | |  0.6
Dodging        | |  2.7

Action                   |  1- 3 |  4- 6 |  7- 9 || total
-------------------------+-------+-------+-------++-------
Melee: Rapier            |       |       |     3 ||     3
 Cast: Foxfire           |    72 |   100 |   172 ||   344
       Call Imp          |       |       |     3 ||     3
       Sticky Flame      |       |       |     2 ||     2
  Use: Scroll            |       |     4 |     2 ||     6
       Potion            |       |       |     2 ||     2
Armor: Robe              |     3 |       |     8 ||    11
Dodge: Dodged            |    13 |     4 |    30 ||    47

Table legend: (Time is in decaauts)
 A = Elapsed time spent in this place.
 B = Non-inter-level travel time spent in this place.
 C = Inter-level travel time spent in this place.
 D = Time resting spent in this place.
 E = Time spent auto-exploring this place.
 F = Levels seen in this place.
 G = Mean time per level.
                   A        B        C        D        E       F      G
               +--------+--------+--------+--------+--------+-----+--------+
         Total |   6435 |   6301 |    134 |      0 |   5641 |   7 |  919.3 |
       Dungeon |   6191 |   6078 |    113 |      0 |   5426 |   6 | 1031.8 |
        Temple |    243 |    223 |     20 |      0 |    215 |   1 |  243.0 |
               +--------+--------+--------+--------+--------+-----+--------+

Top non-repeatable levels by time:
     D:2: 1351 daAuts
     D:3: 1343 daAuts
     D:5: 1283 daAuts
     D:1: 1006 daAuts
     D:4: 998 daAuts
  Temple: 243 daAuts
     D:6: 208 daAuts
